 Dungeon Crawl Stone Soup version 0.24.0-2-g5b39cebb1c (webtiles) character file.

Game seed: 12924764957883737672, levelgen mode: deterministic

144 Aviak the Skirmisher (level 5, -1/46 HPs)
             Began as a Draconian Abyssal Knight on Oct 30, 2019.
             Was a Believer of Lugonu.
             Slain by a crocodile (10 damage)
             ... on level 3 of the Dungeon.
             The game lasted 00:02:17 (1817 turns).

Aviak the Skirmisher (Draconian Abyssal Knight)     Turns: 1817, Time: 00:02:18

Health: -1/46      AC:  5    Str: 14    XL:     5   Next: 5%
Magic:  7/7        EV: 12    Int: 13    God:    Lugonu [**....]
Gold:   107        SH:  5    Dex: 11    Spells: 4/4 levels left

rFire    . . .     SeeInvis .   a - +1 spear
rCold    . . .     Gourm    .   f - +2 buckler
rNeg     . . .     Faith    .   (armour unavailable)
rPois    .         Spirit   .   (helmet restricted)
rElec    .         Reflect  .   (no cloak)
rCorr    .         Harm     .   (no gloves)
MR       .....                  (no boots)
Stlth    +.........             (no amulet)
HPRegen  0.15/turn              (no ring)
MPRegen  0.10/turn              (no ring)

@: no status effects
A: unfitting armour, cold-blooded, AC +5
a: Depart the Abyss, Bend Space, Renounce Religion


You were on level 3 of the Dungeon.
You worshipped Lugonu.
Lugonu was pleased with you.
You were not hungry.

You visited 1 branch of the dungeon, and saw 3 of its levels.
You visited the Abyss 1 time.

You collected 107 gold pieces.

Inventory:

Hand Weapons
 a - a +1 spear (weapon)
Armour
 f - a +2 buckler (worn)
Wands
 j - a wand of polymorph (11)
Scrolls
 c - a scroll of remove curse {unknown}
 e - a scroll of blinking {unknown}
 h - 4 scrolls of identify {unknown}
 i - a scroll of enchant weapon {unknown}
 k - a scroll of teleportation {unknown}
Comestibles
 b - 5 rations


   Skills:
 + Level 4.2 Fighting
 + Level 3.1 Polearms
 + Level 3.1 Dodging
 + Level 3.2 Invocations


You had 4 spell levels left.
You didn't know any spells.
Your spell library was empty.

Dungeon Overview and Level Annotations

Branches:
Dungeon (3/15)

Altars:


Innate Abilities, Weirdness & Mutations

Your plain brown scales are hard. (AC +5)
You cannot fit into any form of body armour.
You are cold-blooded and may be slowed by cold attacks.


Message History

The crocodile barely misses you.
Evoke which item? (* to show all) (? for menu, Esc to quit)
Okay, then.
You closely miss the crocodile.
The crocodile is heavily wounded.
The crocodile bites you!
* * * LOW HITPOINT WARNING * * *
It was a potion of curing.
You feel better. The crocodile bites you.
You closely miss the crocodile. You tail-slap the crocodile.
The crocodile is heavily wounded.
The crocodile bites you.
* * * LOW HITPOINT WARNING * * *
You hit the crocodile.
Your tail-slap misses the crocodile.
The crocodile is severely wounded.
The crocodile bites you.
* * * LOW HITPOINT WARNING * * *
You hit the crocodile.
Your tail-slap misses the crocodile.
The crocodile is severely wounded.
The crocodile bites you!
You die...

##.##.#
....#.#####
...........
.........#
####........#
..........#
#.##........#
##..#.#t......#
#......@......###
..#.#.#.#...>....
#.##...####.###
.......†.###.#
##.###.......#
#.##....#####
........#
#.##....#
#.##.##.#


You could see a crocodile.

Vanquished Creatures
  A hound (D:2)
  Terence (D:1)
  4 adders (D:2)
  An ooze (D:1)
  3 worms (D:2)
  A dart slug (D:2)
  2 leopard geckos
  3 bats
  2 giant cockroaches (D:1)
  3 goblins
  A hobgoblin (D:1)
  4 jackals (D:1)
  A quokka (D:2)
  5 frilled lizards
  3 kobolds
  4 rats
39 creatures vanquished.

Notes
Turn   | Place    | Note
-------+----------+-------------------------------------------
     0 | Abyss:1  | Aviak the Draconian Abyssal Knight began the quest for the
                  | Orb.
     0 | Abyss:1  | Reached XP level 1. HP: 19/19 MP: 2/2
    22 | D:1      | Escaped the Abyss
   223 | D:1      | Reached XP level 2. HP: 22/26 MP: 3/3
   589 | D:2      | Reached ** piety under Lugonu
   595 | D:2      | Noticed Terence
   640 | D:1      | Killed Terence
   640 | D:1      | Reached XP level 3. HP: 17/33 MP: 3/5
   929 | D:2      | Reached XP level 4. HP: 27/40 MP: 6/6
  1048 | D:2      | Reached skill level 4 in Fighting
  1675 | D:2      | Reached XP level 5. HP: 41/46 MP: 7/7
  1793 | D:3      | Noticed a crocodile
  1817 | D:3      | Slain by a crocodile

Levels and vault maps discovered:
D:1:      mushboom_english_gardens, layout_basic
D:2:      layout_rooms, uniq_terence
D:3:      layout_loops_cross

Skill      XL: |  1  2  3  4 |
---------------+-------------+-----
Fighting       | 4 |  4.2
Invocations    | 3 |  3.2
Dodging        | 3 |  3.1
Polearms       | 3 |  3.1

Action                   |  1- 3 |  4- 6 || total
-------------------------+-------+-------++-------
Melee: Spear             |   112 |   127 ||   239
       Tailslap          |    11 |    15 ||    26
  Use: Potion            |       |     2 ||     2
 Stab: Sleeping          |     1 |       ||     1
  Eat: Chunk             |       |     3 ||     3
Armor: Skin              |    25 |    24 ||    49
Dodge: Dodged            |    55 |    48 ||   103
Block: Buckler           |    12 |    16 ||    28
